Map: Ascension to Aiur LE

Players

HHs

  • Race: Terran Terran
  • League: Grandmaster
  • Spawn Location: 5:00

NORTHAMERICA - Winner!

  • Race: Protoss Protoss
  • League: Grandmaster
  • Spawn Location: 11:00

VOD

Have the link to the VOD?

Description

Time

  • Played on: Aug. 7, 2017, 2:50 a.m.
  • Length: 19:02
Show
View Real Time Build Order
Export as new Build Order

HHs Terran 

Build Orders: Liberator Opening, Reaper Expand, MMM Bio 

Get SALT Encoding   

  12  0:01  SCV  
  13  0:13  SCV  
  14  0:17  Supply Depot  
  14  0:25  SCV  
  15  0:29  Refinery  
  15  0:39  SCV  
  16  0:45  Barracks  
  16  0:51  SCV  
  17  1:03  SCV  
  18  1:15  SCV  
  19  1:32  Orbital Command, Reaper  
  20  1:45  Command Center  
  20  1:56  Factory  
  20  2:00  SCV  
  21  2:08  Barracks Reactor  
  21  2:09  Refinery  
  21  2:13  SCV  
  22  2:21  Supply Depot  
  22  2:25  SCV  
  23  2:41  Starport  
  23  2:42  SCV  
  24  2:49  Widow Mine x2  
  28  2:55  SCV  
  29  2:58  Orbital Command  
  29  3:07  SCV  
  30  3:19  SCV  
  32  3:21  Medivac, Widow Mine x2  
  32  3:25  SCV  
  32  3:26  Barracks Reactor  
  38  3:31  SCV  
  39  3:37  SCV  
  39  3:38  Supply Depot  
  39  3:40  Liberator, Barracks  
  40  3:44  SCV  
  40  3:49  SCV  
  40  3:52  Barracks  
  41  4:00  SCV  
  45  4:07  SCV  
  46  4:12  SCV  
  47  4:18  Supply Depot  
  47  4:20  SCV  
  47  4:21  Engineering Bay, Barracks Tech Lab  
  47  4:24  Supply Depot  
  48  4:31  SCV  
  49  4:39  SCV  
  49  4:40  Marine x2  
  49  4:41  Stimpack, Marauder  
  49  4:42  Medivac  
  49  4:43  SCV, Barracks Tech Lab  
  57  4:52  SCV  
  58  4:55  SCV, Supply Depot  
  58  4:56  Supply Depot  
  59  5:01  Combat Shields  
  59  5:03  Supply Depot, Marine  
  59  5:04  SCV  
  61  5:07  SCV  
  62  5:16  SCV  
  62  5:19  Marine x3  
  62  5:20  SCV, Marine  
  68  5:21  Medivac  
  68  5:26  Supply Depot  
  68  5:28  SCV  
  71  5:32  SCV  
  70  5:40  SCV  
  67  5:44  SCV, Marine, Marauder  
  67  5:45  Command Center  
  71  5:52  SCV, Terran Infantry Weapons Level 1  
  71  5:56  SCV  
  73  5:57  Factory Reactor  
  73  6:04  SCV, Marine x2  
  73  6:05  Marauder  
  73  6:08  SCV, Barracks  
  73  6:09  Refinery  
  73  6:10  Refinery, Barracks  
  79  6:17  SCV  
  80  6:20  SCV  
  80  6:22  Marauder  
  83  6:29  SCV  
  83  6:32  SCV  
  82  6:37  Marauder  
  82  6:38  Barracks Tech Lab  
  84  6:41  SCV  
  84  6:43  Marine  
  84  6:44  SCV  
  87  6:48  Widow Mine x2  
  87  6:49  Medivac x2  
  87  6:53  SCV, Supply Depot  
  96  6:54  Supply Depot  
  96  6:57  Marine  
  96  7:00  Marine x2  
  96  7:01  Marine, Marauder  
  101  7:02  Barracks Tech Lab  
  101  7:07  SCV x2  
  104  7:09  Ghost Academy  
  104  7:15  Barracks  
  104  7:16  Barracks  
  104  7:18  Widow Mine x2, Marauder  
  104  7:19  SCV, Marauder  
  113  7:24  SCV, Supply Depot  
  114  7:31  SCV, Marauder  
  114  7:35  Orbital Command  
  117  7:37  SCV  
  118  7:46  Terran Infantry Armor Level 1, Marine, Marauder  
  118  7:48  Marauder  
  123  7:55  Refinery  
  123  7:56  Refinery, Marine  
  123  7:58  Command Center  
  124  8:02  Armory  
  124  8:04  Engineering Bay  
  122  8:10  Marine  
  122  8:11  Marauder x2  
  127  8:12  Barracks Tech Lab  
  127  8:13  Barracks Reactor  
  127  8:16  SCV  
  127  8:18  SCV  
  129  8:23  Marauder x2  
  129  8:25  SCV  
  134  8:28  Supply Depot  
  134  8:30  Supply Depot x2  
  134  8:34  Marine  
  134  8:35  Marauder x2  
  130  8:58  Widow Mine x2, Marine x4, Marauder x2  
  130  8:59  Marauder x2  
  130  9:00  Terran Infantry Weapons Level 2  
  130  9:02  Terran Vehicle And Ship Armor Level 1  
  138  9:03  SCV x2  
  138  9:04  SCV  
  138  9:06  Supply Depot  
  137  9:22  Marine, Marauder x5  
  138  9:28  Supply Depot  
  138  9:29  Marine x3  
  138  9:31  Medivac x2  
  145  9:43  Marauder x2  
  145  9:45  Terran Infantry Armor Level 2  
  149  9:47  Marine x2  
  149  9:48  Missile Turret  
  149  9:50  Missile Turret x2  
  151  9:53  Ghost x3  
  151  9:58  Planetary Fortress  
  157  10:01  Medivac x2  
  161  10:10  Ghost x2  
  164  10:15  Sensor Tower  
  164  10:22  Ghost x2  
  164  10:27  Marine x4  
  164  10:28  Marauder  
  174  10:29  SCV  
  175  10:38  Medivac x2  
  175  10:39  Marine  
  175  10:40  Marauder  
  177  10:45  Marine x3  
  180  10:55  Marine  
  181  11:00  Marauder x2  
  181  11:02  Marine  
  181  11:11  Marauder x3  
  181  11:12  Marine  
  181  11:14  Marine  
  165  11:21  Marauder x2  
  165  11:23  Widow Mine x2, Marine x2  
  169  11:31  SCV x2  
  172  11:33  Marauder x3  
  172  11:34  Command Center  
  172  11:35  Command Center  
  174  11:45  SCV x2  
  174  11:46  Marine x2, Marauder  
  180  12:04  Marine  
  181  12:15  Supply Depot  
  181  12:17  Supply Depot  
  181  12:22  Terran Infantry Armor Level 3  
  181  12:34  Marine  
  181  12:35  Marauder x4  
  181  12:36  Marine x3  
  184  12:37  Marauder  
  157  12:49  Orbital Command  
  157  12:51  Orbital Command  
  147  12:52  Orbital Command, Marine  
  147  12:54  Marine x3  
  147  12:55  Widow Mine x2  
  147  12:56  Marauder x4  
  147  12:58  Marine  
  153  13:04  Terran Infantry Weapons Level 3  
  143  13:10  Marine  
  144  13:16  Marauder  
  144  13:18  Marauder  
  148  13:30  Sensor Tower  
  148  13:35  Missile Turret  
  148  13:40  Marine x3  
  148  13:41  Marauder x2  
  151  13:44  Planetary Fortress  
  124  13:56  Marine  
  124  13:57  Widow Mine, Marine, Marauder x2  
  124  13:58  SCV x2  
  124  14:02  Medivac x2, Marauder  
  102  14:17  Marine  
  102  14:18  Marauder  
  102  14:21  Marine  
  102  14:22  Marauder  
  95  14:32  Medivac x2, Missile Turret  
  91  14:45  Marine  
  85  14:46  Marauder  
  72  15:02  Medivac x2, Orbital Command  
  72  15:06  Marine x3  
  72  15:07  Marauder x3  
  72  15:32  Medivac  
Show
View Real Time Build Order
Export as new Build Order

NORTHAMERICA Protoss - Winner!

Build Orders: 1 Gate Expand, Double Forge, Colossus Rush 

Get SALT Encoding   

  12  0:01  Probe (Chrono Boost)  
  13  0:12  Probe (Chrono Boost)  
  14  0:18  Pylon  
  14  0:23  Probe (Chrono Boost)  
  15  0:36  Probe (Chrono Boost)  
  15  0:38  Gateway  
  16  0:47  Probe (Chrono Boost)  
  17  0:50  Assimilator  
  17  0:57  Probe (Chrono Boost)  
  18  1:08  Probe (Chrono Boost)  
  19  1:21  Nexus  
  19  1:31  Cybernetics Core  
  19  1:35  Probe (Chrono Boost)  
  20  1:42  Assimilator  
  20  1:46  Probe (Chrono Boost)  
  21  1:54  Pylon  
  21  1:56  Probe (Chrono Boost)  
  22  2:07  Probe (Chrono Boost)  
  23  2:12  Adept  
  25  2:16  Warp Gate  
  25  2:18  Mothership Core (Chrono Boost)  
  27  2:34  Probe (Chrono Boost)  
  27  2:36  Probe (Chrono Boost)  
  29  2:44  Probe (Chrono Boost)  
  29  2:47  Probe (Chrono Boost)  
  29  2:49  Robotics Facility  
  31  2:55  Probe (Chrono Boost)  
  31  2:57  Probe (Chrono Boost)  
  34  3:05  Probe (Chrono Boost)  
  34  3:08  Probe (Chrono Boost)  
  35  3:16  Probe (Chrono Boost)  
  35  3:18  Gateway  
  36  3:22  Probe (Chrono Boost)  
  36  3:26  Gateway  
  37  3:28  Probe (Chrono Boost)  
  37  3:33  Probe (Chrono Boost)  
  39  3:34  Pylon  
  39  3:38  Probe (Chrono Boost)  
  40  3:43  Probe (Chrono Boost)  
  41  3:49  Probe (Chrono Boost)  
  41  3:53  Probe (Chrono Boost)  
  41  3:54  Robotics Bay, Observer (Chrono Boost), Pylon  
  44  4:00  Probe  
  45  4:05  Probe (Chrono Boost)  
  46  4:10  Pylon  
  46  4:11  Assimilator  
  46  4:13  Observer (Chrono Boost), Probe (Chrono Boost)  
  46  4:16  Assimilator  
  48  4:17  Probe (Chrono Boost)  
  48  4:19  Pylon  
  48  4:21  Stalker x2  
  48  4:23  Stalker  
  56  4:26  Probe (Chrono Boost)  
  56  4:28  Probe (Chrono Boost)  
  57  4:36  Probe (Chrono Boost)  
  59  4:38  Probe (Chrono Boost)  
  59  4:46  Forge  
  59  4:47  Colossus (Chrono Boost), Forge  
  65  4:59  Stalker x2  
  69  5:02  Stalker  
  71  5:08  Probe  
  71  5:13  Gateway  
  72  5:16  Gateway  
  72  5:21  Pylon  
  72  5:22  Protoss Ground Armor Level 1 (Chrono Boost), Protoss Ground Weapons Level 1 (Chrono Boost)  
  66  5:40  Probe (Chrono Boost)  
  67  5:46  Stalker x3  
  67  5:48  Probe (Chrono Boost)  
  74  6:03  Nexus  
  74  6:06  Pylon  
  74  6:09  Stalker  
  74  6:10  Stalker  
  78  6:14  Probe x2 (Chrono Boost)  
  80  6:25  Colossus (Chrono Boost), Probe (Chrono Boost)  
  77  6:29  Extended Thermal Lance (Chrono Boost)  
  77  6:31  Probe (Chrono Boost)  
  84  6:38  Probe  
  85  6:43  Probe  
  86  6:50  Probe  
  86  6:53  Twilight Council  
  87  6:55  Adept x3, Probe  
  87  6:58  Pylon  
  94  7:05  Pylon  
  94  7:09  Pylon  
  94  7:14  Probe (Chrono Boost)  
  94  7:15  Probe x2 (Chrono Boost)  
  97  7:19  Colossus  
  103  7:26  Probe (Chrono Boost)  
  103  7:27  Probe (Chrono Boost)  
  103  7:29  Probe (Chrono Boost)  
  106  7:31  Assimilator  
  106  7:35  Assimilator, Protoss Ground Weapons Level 2 (Chrono Boost)  
  106  7:37  Probe x2 (Chrono Boost)  
  105  7:42  Protoss Ground Armor Level 2 (Chrono Boost), Probe (Chrono Boost)  
  107  7:47  Probe (Chrono Boost)  
  107  7:48  Blink, Gateway, Probe (Chrono Boost)  
  109  7:52  Gateway  
  109  7:54  Probe (Chrono Boost)  
  109  7:58  Probe x2 (Chrono Boost)  
  110  8:06  Probe (Chrono Boost)  
  110  8:08  Probe (Chrono Boost)  
  110  8:09  Probe (Chrono Boost)  
  112  8:12  Stalker  
  112  8:13  Stalker x3  
  112  8:17  Probe  
  119  8:20  Stalker  
  119  8:21  Disruptor  
  119  8:25  Probe  
  125  8:30  Pylon  
  125  8:33  Pylon  
  125  8:34  Pylon  
  125  8:37  Adept x3  
  121  8:48  Adept  
  115  8:57  Disruptor (Chrono Boost)  
  112  9:03  Stalker  
  112  9:04  Stalker x3  
  120  9:12  Probe  
  120  9:14  Photon Cannon  
  120  9:16  Probe  
  122  9:21  Probe  
  123  9:26  Dark Shrine  
  123  9:28  Probe  
  124  9:33  Photon Cannon x2  
  124  9:36  Pylon  
  124  9:38  Resonating Glaives  
  124  9:39  Stalker x3  
  124  9:40  Adept  
  124  9:42  Probe  
  133  9:48  Disruptor (Chrono Boost)  
  136  9:56  Stalker x2  
  136  9:57  Stalker  
  136  9:58  Probe  
  143  10:07  Adept x4  
  143  10:24  Disruptor (Chrono Boost)  
  143  10:26  Nexus  
  146  10:29  Pylon  
  146  10:40  Dark Templar  
  146  10:41  Dark Templar  
  150  10:52  Stalker  
  150  10:53  Stalker x3  
  150  10:55  Disruptor (Chrono Boost)  
  135  11:11  Probe  
  119  11:17  Dark Templar x2  
  119  11:18  Dark Templar  
  117  11:26  Disruptor (Chrono Boost)  
  112  11:36  Adept x2  
  112  11:44  Mothership Core  
  114  11:47  Nexus  
  114  11:48  Pylon  
  114  11:56  Stalker  
  114  11:57  Stalker x2  
  114  12:01  Probe  
  120  12:06  Probe  
  122  12:22  Nexus  
  122  12:23  Stalker  
  122  12:24  Stalker x2  
  122  12:26  Pylon  
  122  12:27  Probe  
  129  12:32  Pylon  
  110  12:53  Stalker x5  
  110  12:55  Probe  
  120  13:12  Nexus  
  119  13:22  Dark Templar  
  119  13:23  Dark Templar  
  123  13:46  Adept x3  
  127  13:56  Adept x2  
  127  14:05  Disruptor (Chrono Boost)  
  108  14:17  Adept x5  
  78  14:55  Adept  
  78  14:56  Adept x3  
  81  15:20  Photon Cannon  
Tags
 
Add a new tag
Caveats
  • Supply blocks, unpowered buildings, or Contaminate may cause inaccurate times.
  • Supply counts are checked every 10 seconds.